 Dungeon Crawl Stone Soup version 0.27.1-35-g4d5d836560 (webtiles) character file.

Game seed: 6791837448463882615

156 croobank the Firebug (level 5, -5/37 HPs)
             Began as a Demonspawn Fire Elementalist on June 20, 2022.
             Slain by a gnoll (7 damage)
             ... on level 3 of the Dungeon.
             The game lasted 00:08:51 (3310 turns).

croobank the Firebug (Demonspawn Fire Elementalist) Turns: 3310, Time: 00:08:52

Health: -5/37      AC:  3    Str:  8    XL:     5   Next: 14%
Magic:  7/9        EV: 12    Int: 17    God:
Gold:   135        SH:  0    Dex: 14    Spells: 8/9 levels left

rFire    . . .     SeeInvis .   i - +0 dagger (drain)
rCold    . . .     Faith    .   (no shield)
rNeg     . . .     Spirit   .   g - +0 robe
rPois    .         Reflect  .   q - +0 helmet
rElec    .         Harm     .   (no cloak)
rCorr    .         Rampage  .   (no gloves)
Will     .....                  (no boots)
Stlth    ++........             (no amulet)
HPRegen  0.12/turn              v - ring of flight
MPRegen  0.11/turn              (no ring)

@: attractive, flying
A: claws 1, demonic guardian 1
a: no special abilities


You were on level 3 of the Dungeon.
You visited 1 branch of the dungeon, and saw 4 of its levels.

You collected 135 gold pieces.

Inventory:

Hand Weapons
 a - a +1 vorpal mace
 b - a +0 hunting sling
 i - a +0 dagger of draining (weapon)
 r - a +0 shortbow
Missiles
 j - 60 stones
 p - 13 poisoned darts
 s - 6 boomerangs
 t - 18 arrows
Armour
 g - a +0 robe (worn)
 q - a +0 helmet (worn)
 x - a +0 leather armour
 y - a +0 ring mail
Jewellery
 v - a ring of flight (left claw)
Scrolls
 c - 2 scrolls of identify {unknown}
 d - a scroll of enchant armour {unknown}
 f - a scroll of brand weapon {unknown}
 l - a scroll of teleportation {unknown}
 o - a scroll of vulnerability {unknown}
 u - 2 scrolls of torment {unknown}
 w - a scroll of amnesia {unknown}
Potions
 e - a potion of attraction
 h - a potion of flight {unknown}
 k - 2 potions of curing {unknown}
 m - a potion of lignification {unknown}
 n - 2 potions of resistance {unknown}


   Skills:
 + Level 1.2 Fighting
 + Level 0.3 Short Blades
 + Level 1.1 Maces & Flails
 + Level 2.0 Dodging
 + Level 2.4 Stealth
 + Level 0.1 Unarmed Combat
 + Level 2.9 Spellcasting
 + Level 2.0 Conjurations
 + Level 3.3 Fire Magic


You had 8 spell levels left.
You knew the following spells:

 Your Spells              Type           Power      Damage    Failure   Level
a - Foxfire               Conj/Fire      44%        2x1d6     6%          1

Your spell library contained the following spells:

 Spells                   Type           Power      Damage    Failure   Level
 Conjure Flame            Conj/Fire      11%        6-21      17%         3
 Inner Flame              Hex/Fire       8%         N/A       26%         3
 Gell's Gravitas          Tloc           1%         N/A       47%         3
 Teleport Other           Tloc           2%         N/A       47%         3
 Sticky Flame             Conj/Fire      11%        2d3       50%         4
 Fireball                 Conj/Fire      5%         3d5       85%         5
 Dispersal                Tloc           1%         N/A       100%        6


Dungeon Overview and Level Annotations

Branches:
Dungeon (4/15)
 Temple: D:4-7

Altars:
Fedhas


Innate Abilities, Weirdness & Mutations

You have sharp fingernails.
A weak demonic guardian rushes to your aid.


Message History

You catch the helpless howler monkey completely off-guard!
You hit the howler monkey.
You kill the howler monkey!
You have reached level 5!
You start resting.
Your white imp disappears in a puff of smoke!
Magic restored.
You fly downwards.
The gnoll barely misses you. The gnoll hits you but does no damage.
The gnoll hits you with a +0 club. x2
There is a stone staircase leading up here.
The gnoll barely misses you. The gnoll hits you with a +0 club.
You fly upwards.
There is a stone staircase leading down here.
Casting: Foxfire (safe; 6% risk of failure)
Confirm with . or Enter, or press ? or * to list all spells.
You conjure some foxfire!
The gnoll hits you with a +0 club.
A demonic guardian appears!
The gnoll hits you with a +0 club.
You hit the gnoll.
The gnoll is lightly wounded.
The foxfire hits the gnoll.
The gnoll is lightly wounded.
The foxfire hits the gnoll.
The gnoll is moderately wounded.
The gnoll hits you with a +0 club!
* * * LOW HITPOINT WARNING * * *
Casting: Foxfire (safe; 6% risk of failure)
Confirm with . or Enter, or press ? or * to list all spells.
You conjure some foxfire!
The gnoll hits you with a +0 club.
* * * LOW HITPOINT WARNING * * *
The gnoll hits you with a +0 club.
* * * LOW HITPOINT WARNING * * *
Your foxfire dissipates!
The foxfire hits the gnoll.
The gnoll is heavily wounded.
Your iron imp hits the gnoll!
The gnoll dies!
It was a potion of attraction.
You feel attractive to monsters. The gnoll hits you with a +0 club!
You die...

.....###.# ########..#.#####.#
##.......####........##....##.#
..........##......########..#.#
#.##..##...........########.#.#
#.##.....#..........##......#.#
.....#.#............#..######.#
#.#..#.#..............## ##.#
.....#.........)......# ##..#
.....#..##......@)5..### #..####
#.......###.....g>.#...####.##...
#..###.####......†.###...........
..## #..##..........#######.#....
.######.##..........#######.##..<
.................................
.######.##..........#######.##...
## #.##..............# #.##...
#..##.........###.###.##...


You could see a gnoll and a friendly iron imp (summoned).

Vanquished Creatures
  A howler monkey (D:3)
  Jessica (D:2)
  An orc wizard (D:3)
  An adder (D:2)
  A dart slug (D:3)
  4 orcs (D:3)
  6 endoplasms
  A giant cockroach (D:1)
  7 goblins
  5 hobgoblins
  5 quokkas
  5 ball pythons (D:1)
  A bat (D:1)
  A frilled lizard (D:3)
  7 kobolds
  4 rats
51 creatures vanquished.

Vanquished Creatures (collateral kills)
  A gnoll (D:3)
1 creature vanquished.

Vanquished Creatures (others)
  116 foxfires
116 creatures vanquished.

Grand Total: 168 creatures vanquished

Notes
Turn   | Place    | Note
-------+----------+-------------------------------------------
     0 | D:1      | croobank the Demonspawn Fire Elementalist began the quest
                  | for the Orb.
     0 | D:1      | Reached XP level 1. HP: 13/13 MP: 3/3
   182 | D:1      | Gained mutation: You have sharp fingernails. [demonic
                  | ancestry]
   182 | D:1      | Reached XP level 2. HP: 19/19 MP: 0/5
   408 | D:1      | Reached skill level 3 in Fire Magic
   934 | D:1      | Reached XP level 3. HP: 23/24 MP: 3/6
  1021 | D:1      | Found a faded altar of an unknown god.
  1112 | D:2      | Found a blossoming altar of Fedhas.
  1329 | D:2      | Noticed Jessica
  1333 | D:2      | Killed Jessica
  1334 | D:2      | Reached skill level 1 in Fighting
  1448 | D:2      | Gained mutation: A weak demonic guardian rushes to your
                  | aid. [demonic ancestry]
  1448 | D:2      | Reached XP level 4. HP: 32/32 MP: 5/7
  3037 | D:3      | Reached skill level 1 in Maces & Flails
  3278 | D:3      | Reached XP level 5. HP: 33/37 MP: 6/9
  3310 | D:3      | Slain by a gnoll

Illustrated notes

Levels and vault maps discovered:
D:1:      dpeg_arrival_refuge, layout_loops_ring,
          hellmonk_ecumenical_altar_run_dry, minmay_tall_x
D:2:      layout_basic, basic_altar, serial_co_window_serial,
          co_window_of_opportunity_a, co_window_paths_b,
          co_window_of_opportunity_a, co_window_of_opportunity_a,
          co_window_paths_a, co_window_paths_b, co_window_2corner,
          co_window_of_opportunity_c, co_window_paths_c, co_window_corner_b,
          co_window_4corner_a, glass_columns_b, glass_columns_b,
          glass_columns_a, glass_columns_a, glass_columns_b, uniq_jessica
D:3:      layout_rooms, hangedman_abyss_or_decor_lesser_grid,
          hangedman_abyss_or_decor_stabs, bh_walls_and_bars
D:4:      layout_basic, temple_green, nicolae_underground_beach

Skill      XL: |  1  2  3  4 |
---------------+-------------+-----
Fire Magic     | 3 |  3.3
Fighting       | 1 |  1.2
Stealth        | 2 |  2.4
Dodging        | 2 |  2.0
Maces & Flails | 1 |  1.1
Conjurations   | 2 |  2.0
Short Blades   | |  0.3
Unarmed Combat | |  0.1
Spellcasting   | |  2.9

Action                   |  1- 3 |  4- 6 || total
-------------------------+-------+-------++-------
Melee: Unarmed           |    10 |       ||    10
       Mace              |    15 |       ||    15
       Dagger            |     3 |    17 ||    20
 Cast: Foxfire           |    37 |    30 ||    67
  Use: Potion            |       |     1 ||     1
 Stab: Distracted        |       |     1 ||     1
Armor: Robe              |     7 |     3 ||    10
Dodge: Dodged            |    25 |    14 ||    39
